 Dungeon Crawl Stone Soup version 0.19.1 (webtiles) character file.

101 KingBobo974 the Poker (level 4, -1/29 HPs)
             Began as a Merfolk Skald on Dec 10, 2016.
             Was an Initiate of Hepliaklqana.
             Slain by an orc priest (3 damage)
             ... on level 4 of the Dungeon.
             The game lasted 00:07:32 (2216 turns).

KingBobo974 the Poker (Merfolk Skald)               Turns: 2216, Time: 00:07:33

Health: -1/29      AC:  8    Str: 13    XL:     4   Next: 75%
Magic:  7/7        EV:  6    Int: 11    God:    Hepliaklqana [......]
Gold:   31         SH:  0    Dex: 13    Spells: 1 memorised, 6 levels left

rFire  . . .     SeeInvis .     a - +0 spear
rCold  . . .     Gourm    .     h - +0 chain mail (curse)
rNeg   . . .     Faith    .     (no shield)
rPois  .         Spirit   .     (no helmet)
rElec  .         Reflect  .     (no cloak)
rCorr  .         Harm     .     (no gloves)
MR     .....                    (no boots)
Stlth  ..........               (no amulet)
                                (no ring)
                                g - ring of loudness (curse)

@: no status effects
A: change form in water, swift swim, stealthy swim, reduced essence
a: Recall Ancestor, Ancestor Identity, Renounce Religion


You were on level 4 of the Dungeon.
You worshipped Hepliaklqana.
Hepliaklqana was noncommittal.
You were not hungry.

You visited 2 branches of the dungeon, and saw 5 of its levels.

You collected 31 gold pieces.

Inventory:

Hand Weapons
 a - a +0 spear (weapon)
Armour
 b - a +0 leather armour
 h - a cursed +0 chain mail (worn)
Jewellery
 g - a cursed ring of loudness (left hand)
 o - an uncursed ring of fire {unknown}
Scrolls
 j - a scroll of enchant armour {unknown}
 l - a scroll of enchant weapon {unknown}
 m - a scroll of random uselessness {unknown}
 n - a scroll of fog {unknown}
Potions
 e - 2 potions of heal wounds
 i - 2 potions of curing {unknown}
Books
 c - a book of Battle

   Spells                             Type                      Level
   a - Infusion                       Charms                       1
   b - Shroud of Golubria             Charms/Translocation         2
   c - Song of Slaying                Charms                       2
   d - Spectral Weapon                Hexes/Charms                 3
   e - Regeneration                   Charms/Necromancy            3
Comestibles
 d - 2 bread rations
 f - 2 meat rations
 k - a beef jerky


   Skills:
 - Level 2.1 Fighting
 * Level 5.4 Polearms
 - Level 0.6 Armour
 * Level 3.1 Dodging
 - Level 2.0 Spellcasting
 + Level 4.0 Charms


You had 6 spell levels left.
You knew the following spells:

 Your Spells              Type           Power        Failure   Level  Hunger
a - Infusion              Chrm           #...         99%         1    ##.....


Dungeon Overview and Level Annotations

Branches:
Dungeon (4/15)             Temple (1/1) D:4

Altars:
Ashenzari
Cheibriados
Dithmenos
Elyvilon
Gozag
Hepliaklqana
Kikubaaqudgha
Makhleb
Nemelex Xobeh
Qazlal
Trog
Uskayaw
Vehumet
Xom
Yredelemnul


Message History

The puff of flame hits Paser.
Paser resists.
The orc priest begins to cast a cantrip, but forgets the words!
Paser hits the orc wizard.
The orc wizard points at Paser and mumbles some strange words.
Paser resists with significant effort.
The orc priest casts a cantrip, but nothing happens.
You see here a short sword.
You're too confused!
You're too confused to move!
Paser barely misses the orc wizard.
The orc wizard hits Paser but does no damage.
The orc priest calls upon Beogh to heal the orc wizard.
The orc wizard is healed somewhat.
Paser barely misses the orc wizard.
The orc wizard hits Paser with a dagger.
You're too confused to move!
You feel less confused.
Paser hits the orc wizard.
The orc wizard hits Paser with a dagger.
The orc priest hits you.
You die...

........###)........
............##.#####
.........##.##....##
'######.#.(.........
###.#...........
####......##.......
#....o##.#.........
#..oR#...#.........
#.@..#......##...##
##.....###.#.....#
....##.#...#.....#
.#..#...#......##.##
#
##.#......##.#.....
.....##.#...#.....
.##.#...#.......>. #
. #.....########
.....###.#......


You could see the friendly Paser the ancestor, an orc priest and an orc wizard.

Vanquished Creatures
  A howler monkey (D:4)
  An ooze (D:3)
  A worm (D:4)
  3 dart slugs
  2 leopard geckos
  An orc (D:4)
  2 giant cockroaches
  3 goblins
  4 hobgoblins (D:1)
  6 jackals
  4 kobolds
  2 quokkas (D:4)
  8 bats
  4 frilled lizards
  4 rats
46 creatures vanquished.

Vanquished Creatures (others)
  An ancestor (D:4)
1 creature vanquished.

Grand Total: 47 creatures vanquished

Notes
Turn   | Place    | Note
-------+----------+-------------------------------------------
     0 | D:1      | KingBobo974 the Merfolk Skald began the quest for the Orb.
     0 | D:1      | Reached XP level 1. HP: 16/16 MP: 3/3
   211 | D:1      | Reached XP level 2. HP: 17/22 MP: 5/5
   794 | D:1      | Reached XP level 3. HP: 27/27 MP: 6/6
   944 | D:1      | Reached skill level 4 in Polearms
  1532 | D:4      | Found a staircase to the Ecumenical Temple.
  1566 | D:4      | Reached XP level 4. HP: 29/33 MP: 7/7
  1570 | Temple   | Entered the Ecumenical Temple
  1810 | Temple   | Became a worshipper of Hepliaklqana the Forgotten
  1872 | D:4      | Reached skill level 5 in Polearms
  2206 | D:4      | HP: 1/29 [orc priest/divine providence (15)]
  2216 | D:4      | Slain by an orc priest

Skill      XL: |  1  2  3  4 |
---------------+-------------+-----
Dodging        | 2 3 |  3.1
Polearms       | 4 5 |  5.4
Charms         | 4 |  4.0
Fighting       | |  2.1
Armour         | |  0.6
Spellcasting   | |  2.0

Action                   |  1- 3 |  4- 6 || total
-------------------------+-------+-------++-------
Melee: Spear             |   184 |    43 ||   227
 Cast: Infusion          |     1 |       ||     1
  Use: Potion            |     1 |       ||     1
 Stab: Sleeping          |     1 |       ||     1
  Eat: Bread ration      |     1 |       ||     1
Armor: Leather armour    |    29 |       ||    29
       Chain mail        |    59 |    22 ||    81
Dodge: Dodged            |   124 |    10 ||   134
